 Dungeon Crawl Stone Soup version 0.25.0-9-g26727b657a (webtiles) character file.

Game seed: 3000791691603432545

77 mopl the Firebug (level 4, -5/36 HPs)
             Began as a Naga Fire Elementalist on June 16, 2020.
             Slain by a gnoll
             ... wielding a +0 spear
              (9 damage)
             ... on level 2 of the Dungeon.
             The game lasted 00:03:05 (1941 turns).

mopl the Firebug (Naga Fire Elementalist)           Turns: 1941, Time: 00:03:06

Health: -5/36      AC:  3    Str: 11    XL:     4   Next: 33%
Magic:  2/8        EV: 10    Int: 16    God:
Gold:   84         SH:  0    Dex: 11    Spells: 0/8 levels left

rFire    . . .     SeeInvis +   g - +0 spear
rCold    . . .     Gourm    .   (no shield)
rNeg     + . .     Faith    .   a - +0 robe
rPois    +         Spirit   .   (no helmet)
rElec    .         Reflect  .   k - +0 cloak
rCorr    .         Harm     .   (no gloves)
MR       .....                  (no barding)
Stlth    ++........             (no amulet)
HPRegen  0.12/turn              d - ring of positive energy
MPRegen  0.11/turn              (no ring)

@: very slightly contaminated, very slow
A: large, see invisible, deformed body, poison resistance, slowness 2, slow
metabolism 1, spit poison 1, AC +1
a: Spit Poison


You were on level 2 of the Dungeon.
You were hungry.

You visited 1 branch of the dungeon, and saw 2 of its levels.

You collected 84 gold pieces.

Inventory:

Hand Weapons
 g - a +0 spear (weapon)
Missiles
 h - 8 poisoned darts (quivered)
Armour
 a - a +0 robe (worn)
 k - a +0 cloak (worn)
Jewellery
 d - a ring of positive energy (left hand)
Scrolls
 b - 2 scrolls of identify
 j - a scroll of fear {unknown}
 l - a scroll of enchant armour {unknown}
Potions
 e - a potion of cancellation
 f - 4 potions of curing {unknown}
 i - a potion of heal wounds
 m - a potion of stabbing
Comestibles
 c - 7 rations


   Skills:
 - Level 1.5 Dodging
 - Level 3.0 Stealth
 + Level 2.8 Spellcasting
 + Level 2.4 Conjurations
 + Level 3.7 Fire Magic


You couldn't memorise any spells.
You knew the following spells:

 Your Spells              Type           Power        Failure   Level  Hunger
a - Foxfire               Conj/Fire      ##..         5%          1    #......
b - Sticky Flame          Conj/Fire      ##......     47%         4    #####..
c - Conjure Flame         Conj/Fire      ##......     16%         3    ###....

Your spell library contained the following spells:

 Spells                   Type           Power        Failure   Level  Hunger
 Inner Flame              Hex/Fire       #.......     26%         3    ###....
 Fireball                 Conj/Fire      ##........   83%         5    ######.


Dungeon Overview and Level Annotations

Branches:
Dungeon (2/15)

Altars:


Innate Abilities, Weirdness & Mutations

You cannot wear boots.
Your serpentine skin is tough. (AC +1)
You have supernaturally acute eyesight. (SInv)
Armour fits poorly on your strangely shaped body.
Your system is resistant to poisons. (rPois)
You cover ground very slowly.
You have a slow metabolism.
You can spit poison.


Message History

You feel slightly more hungry. The bat barely misses you.
The gnoll closely misses you.
Unknown command.
Casting: Foxfire (safe; 5% risk of failure)
Confirm with . or Enter, or press ? or * to list all spells.
You conjure some foxfire!
The bat barely misses you. The gnoll barely misses you.
The foxfire hits the bat.
The bat is moderately wounded.
You have got your breath back.
The foxfire hits the bat.
The bat is severely wounded.
The bat hits you but does no damage.
The gnoll hits you from afar with a +0 spear.
* * * LOW HITPOINT WARNING * * *
Casting: Foxfire (safe; 5% risk of failure)
Confirm with . or Enter, or press ? or * to list all spells.
You conjure some foxfire!
The bat barely misses you.
The foxfire hits the bat.
You kill the bat!
The gnoll hits you from afar with a +0 spear!
You die...

#..#.###.#.......#....##..##.##
#.... .....#.....#....##..#####
####. #######...###..##8..8##..
#. ##'## #..'....).'.. #.#
#..#..##..#.. #.#
##..########..
##.###(...#.((.#.÷)
#...##)÷..#....#...
#.@.##'####'#####..
#v.§#..(.......##..
##g##..........#...
#.######..##..)...
#.###.############ #.....#
#.##### #)# #.#


You could see a gnoll.

Vanquished Creatures
  An adder (D:2)
  A gnoll (D:2)
  2 oozes (D:1)
  2 dart slugs
  5 leopard geckos
  4 bats
  5 giant cockroaches
  4 goblins (D:2)
  5 hobgoblins
  3 kobolds
  A quokka (D:2)
  2 frilled lizards
  2 rats
37 creatures vanquished.

Vanquished Creatures (others)
  38 foxfires
38 creatures vanquished.

Grand Total: 75 creatures vanquished

Notes
Turn   | Place    | Note
-------+----------+-------------------------------------------
     0 | D:1      | mopl the Naga Fire Elementalist began the quest for the
                  | Orb.
     0 | D:1      | Reached XP level 1. HP: 15/15 MP: 3/3
   311 | D:1      | Reached XP level 2. HP: 14/22 MP: 1/5
  1262 | D:1      | Reached XP level 3. HP: 28/28 MP: 3/6
  1267 | D:1      | Learned a level 3 spell: Conjure Flame
  1828 | D:2      | Reached XP level 4. HP: 36/36 MP: 8/8
  1888 | D:2      | Learned a level 4 spell: Sticky Flame
  1941 | D:2      | Slain by a gnoll

Illustrated notes

Levels and vault maps discovered:
D:1:      dpeg_arrival_short_road, layout_loops_ring
D:2:      minmay_chambers_of_twos, layout_loops_corners, first_ration,
          lemuel_blue_sif_altar

Skill      XL: |  1  2  3 |
---------------+----------+-----
Conjurations   | 2 |  2.4
Dodging        | |  1.5
Stealth        | |  3.0
Spellcasting   | |  2.8
Fire Magic     | |  3.7

Action                   |  1- 3 |  4- 6 || total
-------------------------+-------+-------++-------
Melee: Unarmed           |     6 |       ||     6
       Spear             |    68 |     8 ||    76
Throw: Dart              |       |     1 ||     1
 Cast: Foxfire           |    23 |    10 ||    33
 Abil: Spit Poison       |     5 |     5 ||    10
  Use: Scroll            |       |     3 ||     3
 Stab: Sleeping          |     6 |       ||     6
       Distracted        |     1 |       ||     1
  Eat: Chunk             |     2 |       ||     2
Armor: Robe              |     7 |     6 ||    13
Dodge: Dodged            |    45 |    18 ||    63
